 Dungeon Crawl Stone Soup version 0.27-a0-1347-gd8886f0a89 (webtiles) character file.

Game seed: 9897228949284965570

1747 dickylongcocking the Skirmisher (level 9, 0/70 HPs)
             Began as a Djinni Ice Elementalist on June 27, 2021.
             Slain by a necrophage (4 damage)
             ... on level 6 of the Dungeon.
             The game lasted 00:10:57 (8311 turns).

dickylongcocking the Skirmisher (DjIE)              Turns: 8311, Time: 00:10:58

Health: 0/70       AC: 12    Str:  7    XL:     9   Next: 26%
Gold:   296        EV: 12    Int: 19    God:
                   SH:  0    Dex: 23

rFire    + + +     SeeInvis .   f - +1 mace (protect)
rCold    . . .     Faith    .   (no shield)
rNeg     . . .     Spirit   .   e - +0 leather armour
rPois    ∞         Reflect  .   l - +1 helmet
rElec    .         Harm     .   v - scarf {rC+ rF+}
rCorr    .         Rampage  .   (no gloves)
Will     .....                  (boots unavailable)
Stlth    ++........             (no amulet)
HPRegen  0.21/turn              d - +6 ring of dexterity
MPRegen  0.00/turn              q - ring of wizardry

@: brilliant, ice-armoured, flying
A: sickness immunity, fire resistance 2, cold vulnerability 1, float, innate
caster, hp casting, extra vitality 1, iridescent scales 1, agile 1
a: no special abilities


You were on level 6 of the Dungeon.
You visited 2 branches of the dungeon, and saw 9 of its levels.

You collected 296 gold pieces.

Inventory:

Hand Weapons
 b - a +2 hand axe of electrocution
 f - a +1 mace of protection (weapon)
 g - a +3 dagger
 h - a +1 antimagic short sword
 s - a +1 dagger of venom
 t - a +3 quarterstaff of chaos
Missiles
 p - 6 atropa-tipped darts
Armour
 a - a +0 robe
 e - a +0 leather armour (worn)
 l - a +1 helmet (worn)
 n - a +0 cloak of willpower
 v - a scarf of resistance (worn)
Magical Staves
 j - a staff of earth
Jewellery
 d - a +6 ring of dexterity (left hand)
 i - a ring of poison resistance
 q - a ring of wizardry (right hand)
Scrolls
 k - a scroll of vulnerability
 m - a scroll of fog {unknown}
Potions
 o - a potion of attraction
 w - 3 potions of magic


   Skills:
 * Level 7.9 Fighting
 - Level 2.1 Dodging
 - Level 1.5 Stealth
 * Level 7.0 Spellcasting


You couldn't memorise any spells.
You knew the following spells:

 Your Spells              Type           Power      Damage    Failure   Level
a - Freeze                Ice            100%       1d11      1%          1
b - Corona                Hex            55%        N/A       1%          1
c - Ozocubu's Armour      Ice            50%        N/A       1%          3
d - Hailstorm             Conj/Ice       50%        3d11      3%          4
e - Metabolic Englaciati  Hex/Ice        25%        N/A       10%         5
f - Frozen Ramparts       Ice            100%       1d12      1%          3
g - Corpse Rot            Necr/Air       N/A        N/A       1%          2
h - Summon Guardian Gole  Hex/Summ       50%        N/A       1%          3
i - Conjure Flame         Conj/Fire      50%        6-21      1%          3
Your spell library was empty.

Dungeon Overview and Level Annotations

Branches:
Dungeon (8/15)             Temple (1/1) D:7
   Lair: D:8-11

Altars:
Ashenzari
Cheibriados
Elyvilon
Fedhas
Gozag
Hepliaklqana
Nemelex Xobeh
Okawaru
Qazlal
Ru
Sif Muna
Vehumet
Wu Jian
Xom
Yredelemnul

Shops:
D:5 *   D:8 (


Innate Abilities, Weirdness & Mutations

You are immune to sickness and miasma.
You are immune to poison.
Your flesh is very heat resistant. (rF++)
You are vulnerable to cold. (rC-)
You float through the air rather than walking.
You learn spells naturally, not from books.
Your magical power is your life essence.
You have superior vitality. (+4 HP)
You are partially covered in iridescent scales. (AC +2)
You are agile. (Dex +2)


Message History

Here: a necrophage (lightly damaged)
The floor.
Casting: Ozocubu's Armour (safe; 1% risk of failure)
Confirm with . or Enter, or press ? or * to list all spells.
Okay, then.
Casting: Ozocubu's Armour (safe; 1% risk of failure)
Confirm with . or Enter, or press ? or * to list all spells.
Aiming: Freeze (safe; 1% risk of failure)
Press: ? - help, Shift-Dir - straight line, f/p - necrophage
Aim: a necrophage (lightly damaged)
You feel a surge of power!
You freeze the necrophage.
The necrophage resists.
The necrophage is moderately damaged.
* * * LOW HITPOINT WARNING * * *
The ice beast hits your guardian golem but does no damage.
The necrophage hits you but does no damage.
Unknown command.
Unknown command.
Casting: Freeze (safe; 1% risk of failure)
Confirm with . or Enter, or press ? or * to list all spells.
Aiming: Freeze (safe; 1% risk of failure)
Press: ? - help, Shift-Dir - straight line, f/p - necrophage
Aim: a necrophage (moderately damaged)
You feel a surge of power!
You freeze the necrophage.
The necrophage resists.
The necrophage is heavily damaged.
* * * LOW HITPOINT WARNING * * *
The ice beast hits your guardian golem but does no damage.
The necrophage barely misses you.
Unknown command.
Unknown command.
Casting: Freeze (safe; 1% risk of failure)
Confirm with . or Enter, or press ? or * to list all spells.
Aiming: Freeze (safe; 1% risk of failure)
Press: ? - help, Shift-Dir - straight line, f/p - necrophage
Aim: a necrophage (heavily damaged)
You feel a surge of power!
You freeze the necrophage.
The necrophage resists.
The necrophage is heavily damaged.
* * * LOW HITPOINT WARNING * * *
The ice beast hits your guardian golem but does no damage.
The necrophage hits you.
You die...

#)# ##...#.# ..##..
#†# ..............>
#.##...♣♣♣♣ ♣......
#.#...♣♣ ...##.
#)#...♣ ...##.
#...#.n♣ ♣...$.)
#).###.♣♣♣♣♣....###
#).# #..........#
###.@###..###.#...#
#....n§)....#.....#.#
#........##..........
#......).##..........
#........8Y..........
#........###.#......#
#........# #.#.)...##
########## ........#
####....##


You could see an ice beast (ally target), a necrophage and a friendly guardian
golem (summoned, inner flame).

Vanquished Creatures
  Sigmund (D:3)
  A water moccasin (D:5)
  2 centaurs
  A gnoll sergeant (D:6)
  A bullfrog (D:8)
  A scorpion (D:5)
  A water moccasin zombie (D:5)
  A water moccasin skeleton (D:6)
  3 wights (D:8)
  A howler monkey (D:4)
  2 electric eels (D:8)
  Crazy Yiuf (D:5)
  A centaur zombie (D:6)
  An orc priest (D:8)
  A hound (D:5)
  2 jellies
  A gnoll shaman (D:8)
  Jessica (D:3)
  2 iguanas (D:6)
  3 orc wizards
  Robin (D:2)
  11 gnolls
  4 adders
  A howler monkey skeleton (D:3)
  A shadow imp (D:5)
  An adder zombie (D:5)
  A dart slug (D:2)
  15 orcs
  6 ball pythons
  5 endoplasms
  6 giant cockroaches
  11 goblins
  10 hobgoblins
  6 jackals
  8 kobolds
  3 quokkas
  4 bats
  10 frilled lizards
  4 rats
136 creatures vanquished.

Vanquished Creatures (others)
  An ice beast (D:8)
  A necrophage (D:8)
  4 fungi (D:5)
  25 plants (D:8)
31 creatures vanquished.

Grand Total: 167 creatures vanquished

Notes
Turn   | Place    | Note
-------+----------+-------------------------------------------
     0 | D:1      | dickylongcocking the Djinni Ice Elementalist began the
                  | quest for the Orb.
     0 | D:1      | Reached XP level 1. HP: 15/15 MP: 0/0
   133 | D:1      | Reached XP level 2. HP: 15/22 MP: 0/0
   242 | D:1      | Reached skill level 1 in Fighting
  1003 | D:1      | Reached XP level 3. HP: 25/27 MP: 0/0
  1003 | D:1      | Learned a level 1 spell: Corona
  1045 | D:1      | Found a faded altar of an unknown god.
  1791 | D:2      | Reached XP level 4. HP: 30/33 MP: 0/0
  1845 | D:2      | Noticed Robin
  1859 | D:2      | Killed Robin
  2232 | D:2      | Reached XP level 5. HP: 25/40 MP: 0/0
  2232 | D:2      | Learned a level 2 spell: Corpse Rot
  2636 | D:3      | Noticed Sigmund
  3042 | D:3      | Killed Sigmund
  3043 | D:3      | Reached XP level 6. HP: 21/47 MP: 0/0
  3224 | D:3      | Noticed Jessica
  3231 | D:3      | Killed Jessica
  3390 | D:3      | Reached XP level 7. HP: 33/53 MP: 0/0
  3390 | D:3      | Learned a level 3 spell: Summon Guardian Golem
  4105 | D:4      | Reached skill level 5 in Spellcasting
  4122 | D:4      | Found a stormy altar of Qazlal.
  4483 | D:5      | Entered Level 5 of the Dungeon
  4490 | D:5      | Found an iron altar of Okawaru.
  4761 | D:5      | Found Geuc's Lightly-Used Armoury.
  4797 | D:5      | Reached skill level 5 in Fighting
  5793 | D:5      | Found a runed translucent door.
  5794 | D:5      | Noticed Crazy Yiuf
  5806 | D:5      | Killed Crazy Yiuf
  6029 | D:6      | Reached XP level 8. HP: 52/60 MP: 0/0
  6345 | D:6      | You are sucked into a shaft and drop 2 floors!
  6391 | D:8      | Found Lanilue's Weapon Shoppe.
  7531 | D:8      | Reached XP level 9. HP: 57/68 MP: 0/0
  7531 | D:8      | Learned a level 3 spell: Conjure Flame
  7541 | D:8      | Gained mutation: You are partially covered in iridescent
                  | scales. (AC +2) [potion of mutation]
  7541 | D:8      | Gained mutation: You are agile. (Dex +2) [potion of
                  | mutation]
  7958 | D:7      | Found a staircase to the Ecumenical Temple.
  7980 | Temple   | Entered the Ecumenical Temple
  8311 | D:6      | Slain by a necrophage

Illustrated notes

Levels and vault maps discovered:
D:1:      grunt_arrival_crossed_arrows, layout_loops_ring,
          basic_ecumenical_altar, st_stairs_13
D:2:      layout_basic, uniq_robin
D:3:      layout_rooms, serial_rivers, chequers_serial_rivers_marsh,
          chequers_serial_rivers_micro_c, chequers_serial_rivers_micro_a,
          chequers_serial_rivers_micro_a, chequers_serial_rivers_small_3,
          nicolae_underground_beach, uniq_jessica, uniq_sigmund
D:4:      layout_basic, overflow_temple_1_default
D:5:      layout_layer_cave, okawaru_trees_2, minmay_shop_damaged,
          grunt_decor_arrowhead, uniq_crazy_yiuf_cottage
D:6:      layout_rooms, gammafunk_ghost_hive, nrook_campfire
D:7:      layout_basic, makhleb_blood_cavern_becter,
          chequers_temple_overflow_minitemple, minmay_temple_entry_junction_2,
          ebering_ghost_xom, corexii_corridor_pit, minmay_hollow_rounded_squares
D:8:      layout_loops_ring, kennysheep_mini, lemuel_crystal_altar,
          serial_shops, shop, serial_bayou_lagoon_b
Temple:   nicolae_temple_hex_pool

Skill      XL: |  1  2  3  4  5  6  7  8  9 |
---------------+----------------------------+-----
Fighting       | 1 2 4 5 7 |  7.9
Spellcasting   | 4 5 6 7 |  7.0
Dodging        | |  2.1
Stealth        | |  1.5

Action                   |  1- 3 |  4- 6 |  7- 9 || total
-------------------------+-------+-------+-------++-------
Melee: Hand axe          |    19 |       |    48 ||    67
       Unarmed           |     2 |       |       ||     2
       Staff             |     2 |    11 |       ||    13
       Short sword       |       |       |    49 ||    49
       Mace              |       |       |    15 ||    15
 Cast: Freeze            |    35 |    25 |    24 ||    84
       Frozen Ramparts   |     4 |     5 |    22 ||    31
       Hailstorm         |       |     7 |    21 ||    28
       Ozocubu's Armour  |       |     1 |     6 ||     7
       Summon Guardian G |       |       |     6 ||     6
       Conjure Flame     |       |       |     4 ||     4
  Use: Potion            |       |     1 |     8 ||     9
       Scroll            |       |       |    11 ||    11
 Stab: Sleeping          |       |       |     2 ||     2
Armor: Robe              |     9 |     7 |    11 ||    27
       Leather armour    |       |       |    25 ||    25
Dodge: Dodged            |    39 |    35 |   108 ||   182

Table legend: (Time is in decaauts)
 A = Elapsed time spent in this place.
 B = Non-inter-level travel time spent in this place.
 C = Inter-level travel time spent in this place.
 D = Time resting spent in this place.
 E = Time spent auto-exploring this place.
 F = Levels seen in this place.
 G = Mean time per level.
                   A        B        C        D        E       F      G
               +--------+--------+--------+--------+--------+-----+--------+
         Total |   8326 |   8140 |    186 |    960 |   6048 |   9 |  925.1 |
       Dungeon |   8236 |   8050 |    186 |    960 |   5985 |   8 | 1029.5 |
        Temple |     89 |     89 |      0 |      0 |     63 |   1 |   89.0 |
               +--------+--------+--------+--------+--------+-----+--------+

Top non-repeatable levels by time:
     D:5: 1788 daAuts
     D:1: 1456 daAuts
     D:2: 1285 daAuts
     D:8: 1230 daAuts
     D:3: 1027 daAuts
     D:4: 725 daAuts
     D:7: 460 daAuts
     D:6: 261 daAuts
  Temple: 89 daAuts
